Map: Bridgehead LE (Void)

Players

Shinjuku - Winner!

  • Race: Terran Terran
  • League: Grandmaster

wabbajack

  • Race: Terran Terran
  • League: Grandmaster

VOD

Have the link to the VOD?

Description

Time

  • Played on: July 14, 2015, 10:29 a.m.
  • Length: 3:42
Show
View Real Time Build Order
Export as new Build Order

Shinjuku Terran - Winner!

Build Orders:  

Get SALT Encoding   

  12  0:02  SCV  
  13  0:14  SCV  
  14  0:25  Supply Depot  
  14  0:26  SCV  
  15  0:49  Barracks  
  15  0:54  Barracks  
  15  1:01  SCV  
  16  1:13  SCV  
  16  1:18  Barracks  
  17  1:26  SCV  
  17  1:30  Barracks  
  18  1:38  SCV  
  19  1:41  Marine x2  
  21  1:51  Supply Depot  
  21  1:53  Orbital Command  
  21  2:03  Marine x2  
  23  2:13  Marine  
  24  2:18  Supply Depot, Marine  
  24  2:22  Marine x2  
  27  2:30  Marine  
  27  2:36  Marine  
  29  2:40  Marine  
  30  2:44  Marine  
  30  2:48  Marine  
  32  2:54  Marine  
  32  2:56  Barracks  
  32  2:58  Supply Depot, Marine  
  34  3:06  SCV  
  34  3:10  Marine x2  
  34  3:11  Supply Depot  
  37  3:19  SCV  
Show
View Real Time Build Order
Export as new Build Order

wabbajack Terran 

Build Orders:  

Get SALT Encoding   

  12  0:01  SCV  
  13  0:13  SCV  
  14  0:24  Supply Depot  
  14  0:25  SCV  
  15  0:30  Refinery  
  15  0:46  SCV  
  16  0:50  Barracks  
  16  0:58  SCV  
  17  1:10  SCV  
  18  1:22  SCV  
  19  1:38  Orbital Command  
  19  1:39  Marine  
  20  1:45  Supply Depot  
  20  1:47  Factory  
  20  2:10  Barracks Reactor  
  20  2:12  SCV  
  20  2:15  Refinery  
  21  2:24  SCV  
  22  2:30  Command Center  
  22  2:36  SCV  
  23  2:38  Armory  
  23  2:48  SCV  
  24  2:54  Marine  
  24  2:55  Marine  
  26  3:00  SCV  
  27  3:11  Starport  
  27  3:16  Factory Tech Lab, SCV  
  27  3:18  Marine x2  
  30  3:23  Supply Depot  
  27  3:27  Supply Depot  
  27  3:28  SCV  
Tags
 
Add a new tag
Caveats
  • Supply blocks, unpowered buildings, or Contaminate may cause inaccurate times.
  • Supply counts are checked every 10 seconds.